Panthers vs Stars

Created - Sunday, October 25, 2015 at 01:38

Goals
1 2 3 T
Panthers 3 0 3 6
Stars 2 2 4 8
Shots
1 2 3 T
Panthers 8 7 13 28
Stars 9 9 17 35

1st period

1. Panthers , Lubomir Visnovsky 1 (Nino Niederreiter, Alexander Semin) at 8:12 (PP)
2. Panthers , Paul Byron 2 (Kevin Hayes, Adam Larsson) at 12:54
3. Stars , Devin Setoguchi 1 (Patrik Nemeth) at 13:08
4. Stars , Ryan Wilson 1 (Alexander Wennberg, Patrik Nemeth) at 15:47
5. Panthers , Jakob Silfverberg 2 (Charlie Coyle) at 16:22

Penalties :
Jamie Oleksiak (Dal) for Hooking (Minor) at 0:42, Mike Richards (Dal) for Holding (Minor) at 7:11, Adam Larsson (Fla) for Slashing (Minor) at 13:35, Manny Malhotra (Dal) for Goalie Interference (Minor) at 16:29

2nd period

6. Stars , Alexander Wennberg 6 (John Moore) at 4:56 (PP)
7. Stars , Mike Richards 4 (John Moore, Jamie Oleksiak) at 17:56 (SH)

Penalties :
Alex Petrovic (Dal) for Tripping (Minor) at 1:23, Alexander Semin (Fla) for Hooking (Minor) at 3:56, Manny Malhotra (Dal) for Hooking (Minor) at 7:38, Adam Larsson (Fla) for Interference (Minor) at 7:47, Erik Haula (Dal) for Goalie Interference (Minor) at 13:57, Ryan Johansen (Fla) for Holding (Minor) at 14:41, Casey Cizikas (Dal) for Tripping (Minor) at 17:41

3rd period

8. Stars , Devin Setoguchi 2 (John Moore, Manny Malhotra) at 5:25 (PP)
9. Panthers , Kevin Hayes 2 (Paul Byron, Ron Hainsey) at 6:06
10. Panthers , Ryan Johansen 3 (Nino Niederreiter, Alex Galchenyuk) at 9:47 (PP)
11. Stars , Cory Conacher 1 (Gabriel Bourque, Erik Haula) at 15:52
12. Stars , Jamie Oleksiak 3 (Alexander Wennberg, Alexandre Burrows) at 17:13
13. Panthers , Nino Niederreiter 2 (Ryan Johansen, Alex Galchenyuk) at 17:47
14. Stars , Devin Setoguchi 3 (John Moore, Manny Malhotra) at 18:01

Penalties :
Robert Bortuzzo (Fla) for Interference (Minor) at 3:36, Alexandre Burrows (Dal) for Tripping (Minor) at 7:59, Kevin Hayes (Fla) for Holding (Minor) at 11:52, Manny Malhotra (Dal) for Hooking (Minor) at 18:36

Goalie Stats

Kevin Poulin (Fla), 17 saves from 22 shots - (0.773), 45:25 minutes
Robin Lehner (Fla), 10 saves from 13 shots - (0.769), L, 0-2-0, 14:35 minutes
Tom McCollum (Dal), 16 saves from 20 shots - (0.800), 49:11 minutes
Joacim Eriksson (Dal), 6 saves from 8 shots - (0.750), W, 1-1-0, 10:49 minutes

Players Stats for Panthers

Player Name              G  A  P  +/- PIM S  H  SB GA TA FO     MP     PP MP  PK MP  
------------------------------------------------------------------------------------
Adam Larsson             0  1  1  -1  4   2  1  2  0  2  0/0    13:45   4:30   0:00 
Alex Galchenyuk          0  2  2  -2  0   1  3  1  1  1  0/2    25:29   6:37   5:48 
Alexander Semin          0  1  1   1  2   0  0  0  1  1  1/3    12:08   0:17   0:00 
Brad Boyes               0  0  0   0  0   2  2  1  1  0  3/5    18:26   6:22   0:00 
Calle Jarnkrok           0  0  0   0  0   0  0  0  1  0  0/0     2:28   0:00   0:00 
Calvin de Haan           0  0  0  -2  0   2  0  1  0  3  0/0    20:46   3:16   3:43 
Charlie Coyle            0  1  1  -1  0   5  2  0  3  0  5/16   20:54   6:22   1:10 
Jack Hillen              0  0  0  -2  0   1  0  2  0  0  0/0    15:22   0:36   2:00 
Jakob Silfverberg        1  0  1   0  0   2  1  3  6  1  1/2    18:26   6:22   0:00 
Kevin Hayes              1  1  2   1  2   2  0  2  2  0  4/7    11:00   0:00   0:20 
Lubomir Visnovsky        1  0  1   1  0   3  0  3  0  2  0/0    26:08   7:52   0:44 
Nino Niederreiter        1  2  3  -3  0   1  1  0  2  0  0/1    19:07   6:37   1:10 
Paul Byron               1  1  2   1  0   1  2  1  1  1  0/0    11:38   0:00   1:16 
Robert Bortuzzo          0  0  0   0  2   0  2  2  0  0  0/0    11:54   0:00   3:48 
Ron Hainsey              0  1  1  -1  0   1  2  2  0  4  0/0    32:38   9:39   5:05 
Ryan Johansen            1  1  2  -2  2   5  4  0  2  0  17/26  25:08   6:19   5:02 
Sean Bergenheim          0  0  0   0  0   0  0  0  0  0  0/0     3:29   0:00   0:34 
Simon Despres            0  0  0   0  0   0  0  0  0  0  0/0     0:13   0:04   0:00 

Players Stats for Stars

Player Name              G  A  P  +/- PIM S  H  SB GA TA FO     MP     PP MP  PK MP  
------------------------------------------------------------------------------------
Aaron Johnson            0  0  0   0  0   0  0  0  0  0  0/0     2:24   0:00   0:09 
Alex Petrovic            0  0  0   0  2   0  3  2  0  0  0/0    19:12   3:07   3:29 
Alexander Wennberg       1  2  3   1  0   4  1  1  2  0  1/1    13:09   3:07   0:00 
Alexandre Burrows        0  1  1   1  2   1  2  1  0  1  4/18   24:52   2:58   7:50 
Casey Cizikas            0  0  0  -2  2   0  1  1  0  1  4/7    13:35   0:00   3:11 
Cory Conacher            1  0  1   0  0   2  1  0  0  0  1/1     2:45   0:00   0:00 
Daniel Paille            0  0  0   2  0   1  0  0  0  2  2/2    15:38   4:22   0:48 
Devin Setoguchi          3  0  3   2  0   7  1  0  4  0  1/1    14:50   4:22   0:00 
Erik Haula               0  1  1  -1  2   4  0  0  3  1  1/1    11:44   0:13   0:00 
Gabriel Bourque          0  1  1   0  0   0  1  0  1  0  0/0     6:19   0:20   0:00 
Jamie Oleksiak           1  1  2   0  2   3  1  3  0  3  0/0    28:07   4:33   6:29 
John Moore               0  4  4   0  0   3  1  5  2  0  0/0    27:20   4:33   7:31 
Jonathan Drouin          0  0  0  -2  0   0  0  0  4  0  2/6    16:19   0:09   3:37 
Manny Malhotra           0  2  2   2  6   1  3  0  0  0  8/16   19:24   4:31   1:55 
Matt Tennyson            0  0  0   0  0   3  1  2  1  1  0/0    20:58   3:07   5:28 
Mike Richards            1  0  1   2  2   4  0  2  3  0  7/9    24:36   2:58   8:37 
Patrik Nemeth            0  2  2   2  0   1  0  2  0  6  0/0    12:47   0:00   2:52 
Ryan Wilson              1  0  1   2  0   1  0  0  1  0  0/0     9:38   0:00   0:00 

3 Stars

1 - Devin Setoguchi (Dal)
2 - Alexander Wennberg (Dal)
3 - John Moore (Dal)

Power Play

Panthers - 2 on 9 Attempt(s) - 22.22%
Stars - 2 on 6 Attempt(s) - 33.33%

Penalty Kill

Panthers - 4 on 6 Attempt(s) - 66.67% - Score 0 goal in Penalty Kill
Stars - 7 on 9 Attempt(s) - 77.78% - Score 1 goal in Penalty Kill

Team Stat

Panthers - Hits : 20 - Faceoff Wins : 31 - Blocked Shots : 20 - Penalty Minutes : 12
Stars - Hits : 16 - Faceoff Wins : 31 - Blocked Shots : 19 - Penalty Minutes : 18

Official

Referees : Unknown
Linesman : Unknown

Game Notes

Adam Larsson is injured at 14:38 of 2nd period (Separated Right Shoulder)
Robin Lehner enters game at 5:25 of 3rd period
Tom McCollum is injured at 9:11 of 3rd period (Bruised Left Arm)
Joacim Eriksson enters game at 9:11 of 3rd period
Devin Setoguchi has scored a Hat Trick!

Finance

Level 1 -- Attendance: 4355 (72.58%) -- Ticket Income $435,500
Level 2 -- Attendance: 3589 (71.78%) -- Ticket Income $215,340
Level 3 -- Attendance: 1491 (74.55%) -- Ticket Income $52,185
Level 4 -- Attendance: 3245 (81.13%) -- Ticket Income $64,900
Luxury Box -- Attendance: 656 (65.60%) -- Ticket Income $131,200
Game was played at the American Airlines Arena.
Total Attendance: 13336 (74.09%)
Total Ticket Income: $899,125
Other Income: $440,571
Total Income: $1,339,696

Panthers

5 vs 5 Forward 
   Center                   Left Wing                Right Wing               Time % Phy DF OF 
 1 Ryan Johansen            Alex Galchenyuk          Nino Niederreiter        35     1   2  2  
 2 Charlie Coyle            Jakob Silfverberg        Brad Boyes               30     1   2  2  
 3 Kevin Hayes              Paul Byron               Alexander Semin          22     1   2  2  
 4 Calle Jarnkrok           Sean Bergenheim          Ryan Johansen            13     1   2  2  

5 vs 5 Defense 
   Defense                  Defense                                           Time % Phy DF OF 
 1 Adam Larsson             Ron Hainsey                                       35     1   2  2  
 2 Calvin de Haan           Jack Hillen                                       30     1   2  2  
 3 Lubomir Visnovsky        Robert Bortuzzo                                   22     1   2  2  
 4 Adam Larsson             Ron Hainsey                                       13     1   2  2  

PowerPlay Forward 
   Center                   Left Wing                Right Wing               Time % Phy DF OF 
 1 Ryan Johansen            Alex Galchenyuk          Nino Niederreiter        60     1   2  2  
 2 Charlie Coyle            Jakob Silfverberg        Brad Boyes               40     1   2  2  

PowerPlay Defense
   Defense                  Defense                                           Time % Phy DF OF 
 1 Adam Larsson             Ron Hainsey                                       60     1   2  2  
 2 Calvin de Haan           Lubomir Visnovsky                                 40     1   2  2  

Penalty Kill 4 Players Forward 
   Center                   Wing                     Time % Phy DF OF 
 1 Ryan Johansen            Alex Galchenyuk          60     1   2  2  
 2 Nino Niederreiter        Charlie Coyle            40     1   2  2  

Penalty Kill 4 Players Defense
   Defense                  Defense                  Time % Phy DF OF 
 1 Adam Larsson             Ron Hainsey              60     1   2  2  
 2 Calvin de Haan           Robert Bortuzzo          40     1   2  2  

Penalty Kill - 3 Players Forward 
   Forward                                           Time % Phy DF OF 
 1 Ryan Johansen                                     60     1   2  2  
 2 Alex Galchenyuk                                   40     1   2  2  

Penalty Kill - 3 Players Defense
   Defense                  Defense                  Time % Phy DF OF 
 1 Adam Larsson             Ron Hainsey              60     1   2  2  
 2 Calvin de Haan           Robert Bortuzzo          40     1   2  2  

4 vs 4 Forward 
   Center                   Wing                     Time % Phy DF OF 
 1 Ryan Johansen            Alex Galchenyuk          60     1   2  2  
 2 Nino Niederreiter        Charlie Coyle            40     1   2  2  

4 vs 4 Defense
   Defense                  Defense                  Time % Phy DF OF 
 1 Adam Larsson             Ron Hainsey              60     1   2  2  
 2 Calvin de Haan           Lubomir Visnovsky        40     1   2  2  

Last Minutes Offensive
   Center                   Left Wing                Right Wing               Defense                  Defense                  
   Ryan Johansen            Alex Galchenyuk          Nino Niederreiter        Adam Larsson             Ron Hainsey              

Last Minutes Defensive
   Center                   Left Wing                Right Wing               Defense                  Defense                  
   Ryan Johansen            Alex Galchenyuk          Nino Niederreiter        Adam Larsson             Ron Hainsey              

Goaltenders
Starting : Kevin Poulin             
Backup : Robin Lehner             

Extra Forwards
Normal : Alexander Semin, Kevin Hayes, Paul Byron - PP : Alexander Semin, Kevin Hayes - PK : Paul Byron
Extra Defensemen
Normal : Lubomir Visnovsky, Robert Bortuzzo, Calvin de Haan - PP : Lubomir Visnovsky - PK : Robert Bortuzzo, Calvin de Haan
Penalty Shots
Ryan Johansen, Alex Galchenyuk, Nino Niederreiter, Charlie Coyle, Jakob Silfverberg

Stars

5 vs 5 Forward 
   Center                   Left Wing                Right Wing               Time % Phy DF OF 
 1 Mike Richards            Alexandre Burrows        Alexander Wennberg       35     1   2  2  
 2 Manny Malhotra           Daniel Paille            Devin Setoguchi          30     1   2  2  
 3 Casey Cizikas            Erik Haula               Jonathan Drouin          22     1   2  2  
 4 Alexandre Burrows        Gabriel Bourque          Cory Conacher            13     1   2  2  

5 vs 5 Defense 
   Defense                  Defense                                           Time % Phy DF OF 
 1 Jamie Oleksiak           John Moore                                        35     1   2  2  
 2 Alex Petrovic            Matt Tennyson                                     30     1   2  2  
 3 Ryan Wilson              Patrik Nemeth                                     22     1   2  2  
 4 Aaron Johnson            Jamie Oleksiak                                    13     1   2  2  

PowerPlay Forward 
   Center                   Left Wing                Right Wing               Time % Phy DF OF 
 1 Mike Richards            Alexandre Burrows        Alexander Wennberg       60     1   2  2  
 2 Manny Malhotra           Daniel Paille            Devin Setoguchi          40     1   2  2  

PowerPlay Defense
   Defense                  Defense                                           Time % Phy DF OF 
 1 Jamie Oleksiak           John Moore                                        60     1   2  2  
 2 Alex Petrovic            Matt Tennyson                                     40     1   2  2  

Penalty Kill 4 Players Forward 
   Center                   Wing                     Time % Phy DF OF 
 1 Alexandre Burrows        Mike Richards            60     1   2  2  
 2 Manny Malhotra           Casey Cizikas            40     1   2  2  

Penalty Kill 4 Players Defense
   Defense                  Defense                  Time % Phy DF OF 
 1 Jamie Oleksiak           John Moore               60     1   2  2  
 2 Alex Petrovic            Matt Tennyson            40     1   2  2  

Penalty Kill - 3 Players Forward 
   Forward                                           Time % Phy DF OF 
 1 Alexandre Burrows                                 60     1   2  2  
 2 Mike Richards                                     40     1   2  2  

Penalty Kill - 3 Players Defense
   Defense                  Defense                  Time % Phy DF OF 
 1 Jamie Oleksiak           John Moore               60     1   2  2  
 2 Alex Petrovic            Matt Tennyson            40     1   2  2  

4 vs 4 Forward 
   Center                   Wing                     Time % Phy DF OF 
 1 Alexandre Burrows        Mike Richards            60     1   2  2  
 2 Manny Malhotra           Casey Cizikas            40     1   2  2  

4 vs 4 Defense
   Defense                  Defense                  Time % Phy DF OF 
 1 Jamie Oleksiak           John Moore               60     1   2  2  
 2 Alex Petrovic            Matt Tennyson            40     1   2  2  

Last Minutes Offensive
   Center                   Left Wing                Right Wing               Defense                  Defense                  
   Mike Richards            Alexandre Burrows        Alexander Wennberg       Jamie Oleksiak           John Moore               

Last Minutes Defensive
   Center                   Left Wing                Right Wing               Defense                  Defense                  
   Mike Richards            Alexandre Burrows        Alexander Wennberg       Jamie Oleksiak           John Moore               

Goaltenders
Starting : Tom McCollum             
Backup : Joacim Eriksson          

Extra Forwards
Normal : Erik Haula, Gabriel Bourque, Jonathan Drouin - PP : Erik Haula, Gabriel Bourque - PK : Jonathan Drouin
Extra Defensemen
Normal : Ryan Wilson, Patrik Nemeth, Aaron Johnson - PP : Ryan Wilson - PK : Patrik Nemeth, Aaron Johnson
Penalty Shots
Alexandre Burrows, Mike Richards, Manny Malhotra, Casey Cizikas, Alexander Wennberg

% Time on Ice - Panthers

Lines # - Real PCT - Wanted PCT - Time Play
Normal Forward
1 - 29% - 35% - 10:29
2 - 37% - 30% - 13:22
3 - 27% - 22% - 9:55
4 - 7% - 13% - 2:28
Normal Defense
1 - 40% - 35% - 14:35
2 - 32% - 30% - 11:41
3 - 21% - 22% - 7:42
4 - 6% - 13% - 2:16
PP Forward
1 - 51% - 60% - 6:39
2 - 49% - 40% - 6:22
PP Defense
1 - 75% - 60% - 9:45
2 - 25% - 40% - 3:16
PK Forward
1 - 85% - 60% - 6:30
2 - 15% - 40% - 1:10
PK Defense
1 - 69% - 60% - 5:16
2 - 31% - 40% - 2:24
PK3 Forward
1 - 0% - 60%
2 - 0% - 40%
PK3 Defense
1 - 0% - 60%
2 - 0% - 40%
44 Forward
1 - 100% - 60% - 3:05
2 - 0% - 40% - 0:00
44 Defense
1 - 100% - 60% - 3:05
2 - 0% - 40% - 0:00
Last Minute Offensive  - 0:00
Last Minute Defensive  - 0:00
Total
Forward - 60:00
Defense - 60:00

% Time on Ice - Stars

Lines # - Real PCT - Wanted PCT - Time Play
Normal Forward
1 - 35% - 35% - 12:39
2 - 31% - 30% - 11:21
3 - 26% - 22% - 9:29
4 - 8% - 13% - 2:45
Normal Defense
1 - 36% - 35% - 12:59
2 - 32% - 30% - 11:35
3 - 27% - 22% - 9:38
4 - 6% - 13% - 2:02
PP Forward
1 - 43% - 60% - 3:18
2 - 57% - 40% - 4:22
PP Defense
1 - 59% - 60% - 4:33
2 - 41% - 40% - 3:07
PK Forward
1 - 76% - 60% - 9:57
2 - 24% - 40% - 3:04
PK Defense
1 - 58% - 60% - 7:31
2 - 42% - 40% - 5:30
PK3 Forward
1 - 0% - 60%
2 - 0% - 40%
PK3 Defense
1 - 0% - 60%
2 - 0% - 40%
44 Forward
1 - 100% - 60% - 3:05
2 - 0% - 40% - 0:00
44 Defense
1 - 74% - 60% - 2:17
2 - 26% - 40% - 0:48
Last Minute Offensive  - 0:00
Last Minute Defensive  - 0:00
Total
Forward - 60:00
Defense - 60:00

Play by Play

1st period


0:01 of 1st period - Mike Richards wins face-off versus Alex Galchenyuk in neutral zone.
0:22 of 1st period - Wrist shot by Nino Niederreiter.
0:22 of 1st period - Shot Blocked by Mike Richards.
0:42 of 1st period - Minor Penalty to Jamie Oleksiak for Hooking.
0:43 of 1st period - Charlie Coyle wins face-off versus Alexandre Burrows in Stars zone.
1:00 of 1st period - Snap shot by Lubomir Visnovsky.
1:00 of 1st period - Shot Misses the Net.
1:02 of 1st period - Slapshot by Lubomir Visnovsky.
1:02 of 1st period - Shot Blocked by Casey Cizikas.
2:24 of 1st period - Mike Richards is hit by Alex Galchenyuk and loses puck.
2:42 of 1st period - Penalty to Jamie Oleksiak is over, Jamie Oleksiak is back on ice.
2:53 of 1st period - Snap shot by Devin Setoguchi.
2:53 of 1st period - Stopped by Kevin Poulin with a rebound.
2:55 of 1st period - Slapshot by John Moore.
2:55 of 1st period - Shot Hit the Post.
2:57 of 1st period - Snap shot by Manny Malhotra.
2:57 of 1st period - Shot Blocked by Kevin Hayes.
4:06 of 1st period - Lubomir Visnovsky is hit by Alexandre Burrows and loses puck.
4:12 of 1st period - Off-side.
4:13 of 1st period - Manny Malhotra wins face-off versus Charlie Coyle in neutral zone.
4:38 of 1st period - Ron Hainsey is hit by Manny Malhotra.
5:07 of 1st period - Jonathan Drouin is hit by Ron Hainsey.
5:19 of 1st period - Wrist shot by Cory Conacher.
5:19 of 1st period - Deflect By Alexandre Burrows.
5:19 of 1st period - Shot Misses the Net.
5:19 of 1st period - Puck is out of play.
5:20 of 1st period - Ryan Johansen wins face-off versus Alexandre Burrows in Panthers zone.
7:11 of 1st period - Minor Penalty to Mike Richards for Holding.
7:12 of 1st period - Ryan Johansen wins face-off versus Alexandre Burrows in Stars zone.
8:12 of 1st period - Wrist shot by Lubomir Visnovsky.
8:12 of 1st period - Deflect By Jamie Oleksiak.
8:12 of 1st period - Goal by Lubomir Visnovsky - Panthers : 1 - Stars : 0.
8:13 of 1st period - Manny Malhotra wins face-off versus Kevin Hayes in neutral zone.
9:09 of 1st period - Icing by Kevin Hayes.
9:10 of 1st period - Kevin Hayes wins face-off versus Casey Cizikas in Panthers zone.
9:26 of 1st period - Snap shot by Casey Cizikas.
9:26 of 1st period - Shot Blocked by Jack Hillen.
9:38 of 1st period - Snap shot by Charlie Coyle.
9:38 of 1st period - Stopped by Tom McCollum with a rebound.
9:40 of 1st period - Snap shot by Charlie Coyle.
9:40 of 1st period - Shot Blocked by Alex Petrovic.
9:42 of 1st period - Slapshot by Calvin de Haan.
9:42 of 1st period - Deflect By Charlie Coyle.
9:42 of 1st period - Stopped by Tom McCollum with a rebound.
9:44 of 1st period - Wrist shot by Calvin de Haan.
9:44 of 1st period - Shot Blocked by Alex Petrovic.
9:46 of 1st period - Wrist shot by Charlie Coyle.
9:46 of 1st period - Shot Blocked by Matt Tennyson.
9:48 of 1st period - Snap shot by Jakob Silfverberg.
9:48 of 1st period - Shot Misses the Net.
9:50 of 1st period - Wrist shot by Brad Boyes.
9:50 of 1st period - Deflect By Jonathan Drouin.
9:50 of 1st period - Stopped by Tom McCollum with a rebound.
9:52 of 1st period - Snap shot by Jakob Silfverberg.
9:52 of 1st period - Shot Misses the Net.
11:05 of 1st period - Wrist shot by Devin Setoguchi.
11:05 of 1st period - Shot Misses the Net.
11:29 of 1st period - Snap shot by Cory Conacher.
11:29 of 1st period - Stopped by Kevin Poulin without a rebound.
11:30 of 1st period - Cory Conacher wins face-off versus Charlie Coyle in Panthers zone.
11:52 of 1st period - Snap shot by Alexander Wennberg.
11:52 of 1st period - Shot Blocked by Robert Bortuzzo.
11:54 of 1st period - Slapshot by Matt Tennyson.
11:54 of 1st period - Shot Blocked by Lubomir Visnovsky.
11:56 of 1st period - Backhand shot by Alexander Wennberg.
11:56 of 1st period - Shot Misses the Net.
12:22 of 1st period - Snap shot by Daniel Paille.
12:22 of 1st period - Shot Blocked by Jakob Silfverberg.
12:52 of 1st period - Wrist shot by Kevin Hayes.
12:52 of 1st period - Stopped by Tom McCollum with a rebound.
12:54 of 1st period - Snap shot by Kevin Hayes.
12:54 of 1st period - Deflect By Paul Byron.
12:54 of 1st period - Goal by Paul Byron - Panthers : 2 - Stars : 0.
12:55 of 1st period - Manny Malhotra wins face-off versus Kevin Hayes in neutral zone.
13:04 of 1st period - Backhand shot by Devin Setoguchi.
13:04 of 1st period - Shot Misses the Net.
13:06 of 1st period - Slapshot by Patrik Nemeth.
13:06 of 1st period - Stopped by Kevin Poulin with a rebound.
13:08 of 1st period - Wrist shot by Devin Setoguchi.
13:08 of 1st period - Goal by Devin Setoguchi - Panthers : 2 - Stars : 1.
13:09 of 1st period - Ryan Johansen wins face-off versus Casey Cizikas in neutral zone.
13:35 of 1st period - Minor Penalty to Adam Larsson for Slashing.
13:36 of 1st period - Mike Richards wins face-off versus Ryan Johansen in Panthers zone.
14:04 of 1st period - Ron Hainsey is hit by Jamie Oleksiak and loses puck.
14:34 of 1st period - Icing by John Moore.
14:35 of 1st period - Ryan Johansen wins face-off versus Manny Malhotra in Stars zone.
14:50 of 1st period - Calvin de Haan is hit by John Moore and loses puck.
15:27 of 1st period - Snap shot by Mike Richards.
15:27 of 1st period - Shot Misses the Net.
15:35 of 1st period - Penalty to Adam Larsson is over, Adam Larsson is back on ice.
15:41 of 1st period - Wrist shot by Mike Richards.
15:41 of 1st period - Stopped by Kevin Poulin with a rebound.
15:45 of 1st period - Wrist shot by Alexander Wennberg.
15:45 of 1st period - Shot Misses the Net.
15:47 of 1st period - Slapshot by Ryan Wilson.
15:47 of 1st period - Goal by Ryan Wilson - Panthers : 2 - Stars : 2.
15:48 of 1st period - Brad Boyes wins face-off versus Casey Cizikas in neutral zone.
15:55 of 1st period - Charlie Coyle is hit by Casey Cizikas and loses puck.
16:22 of 1st period - Slapshot by Jakob Silfverberg.
16:22 of 1st period - Goal by Jakob Silfverberg - Panthers : 3 - Stars : 2.
16:23 of 1st period - Kevin Hayes wins face-off versus Manny Malhotra in neutral zone.
16:29 of 1st period - Minor Penalty to Manny Malhotra for Goalie Interference.
16:30 of 1st period - Ryan Johansen wins face-off versus Alexandre Burrows in Stars zone.
16:48 of 1st period - Mike Richards is hit by Adam Larsson and loses puck.
17:05 of 1st period - Snap shot by Alex Galchenyuk.
17:05 of 1st period - Shot Misses the Net.
17:07 of 1st period - Slapshot by Adam Larsson.
17:07 of 1st period - Stopped by Tom McCollum with a rebound.
18:18 of 1st period - Off-side.
18:19 of 1st period - Charlie Coyle wins face-off versus Jonathan Drouin in neutral zone.
18:21 of 1st period - Off-side.
18:22 of 1st period - Jonathan Drouin wins face-off versus Charlie Coyle in neutral zone.
18:29 of 1st period - Penalty to Manny Malhotra is over, Manny Malhotra is back on ice.
18:37 of 1st period - Slapshot by Jonathan Drouin.
18:37 of 1st period - Shot Misses the Net.
18:57 of 1st period - Slapshot by Devin Setoguchi.
18:57 of 1st period - Stopped by Kevin Poulin without a rebound.
18:58 of 1st period - Kevin Hayes wins face-off versus Manny Malhotra in Panthers zone.
18:58 of 1st period - Kevin Hayes is hit by Manny Malhotra.
19:06 of 1st period - Manny Malhotra is hit by Paul Byron and loses puck.
19:13 of 1st period - Slapshot by Kevin Hayes.
19:13 of 1st period - Deflect By Paul Byron.
19:13 of 1st period - Shot Misses the Net.
19:13 of 1st period - Puck is out of play.
19:14 of 1st period - Mike Richards wins face-off versus Ryan Johansen in Stars zone.
19:14 of 1st period - Mike Richards is hit by Nino Niederreiter.
19:28 of 1st period - Wrist shot by Mike Richards.
19:28 of 1st period - Shot Blocked by Calvin de Haan.
19:30 of 1st period - Wrist shot by Mike Richards.
19:30 of 1st period - Stopped by Kevin Poulin without a rebound.
19:31 of 1st period - Alexander Wennberg wins face-off versus Ryan Johansen in Panthers zone.
19:34 of 1st period - Snap shot by Mike Richards.
19:34 of 1st period - Shot Misses the Net.
19:36 of 1st period - Slapshot by Jamie Oleksiak.
19:36 of 1st period - Deflect By Ron Hainsey.
19:36 of 1st period - Stopped by Kevin Poulin with a rebound.
19:38 of 1st period - Snap shot by Alexander Wennberg.
19:38 of 1st period - Shot Misses the Net.
19:40 of 1st period - Slapshot by John Moore.
19:40 of 1st period - Shot Blocked by Adam Larsson.
Goals for this period are 3 for Panthers vs 2 for Stars.
Shots for this period are 8 for Panthers vs 9 for Stars.

2nd period


0:01 of 2nd period - Mike Richards wins face-off versus Ryan Johansen in neutral zone.
0:10 of 2nd period - Alexander Wennberg is hit by Ryan Johansen and loses puck.
0:23 of 2nd period - Snap shot by Alex Galchenyuk.
0:23 of 2nd period - Shot Misses the Net.
0:25 of 2nd period - Wrist shot by Adam Larsson.
0:25 of 2nd period - Shot Blocked by John Moore.
0:27 of 2nd period - Slapshot by Adam Larsson.
0:27 of 2nd period - Stopped by Tom McCollum with a rebound.
0:29 of 2nd period - Wrist shot by Ryan Johansen.
0:29 of 2nd period - Stopped by Tom McCollum with a rebound.
0:31 of 2nd period - Wrist shot by Ryan Johansen.
0:31 of 2nd period - Shot Misses the Net.
0:35 of 2nd period - Wrist shot by Ryan Johansen.
0:35 of 2nd period - Shot Misses the Net.
0:37 of 2nd period - Wrist shot by Adam Larsson.
0:37 of 2nd period - Shot Blocked by Jamie Oleksiak.
1:23 of 2nd period - Minor Penalty to Alex Petrovic for Tripping.
1:24 of 2nd period - Ryan Johansen wins face-off versus Alexandre Burrows in Stars zone.
1:29 of 2nd period - Backhand shot by Nino Niederreiter.
1:29 of 2nd period - Shot Blocked by Patrik Nemeth.
2:09 of 2nd period - Mike Richards is hit by Charlie Coyle and loses puck.
2:57 of 2nd period - Snap shot by Brad Boyes.
2:57 of 2nd period - Stopped by Tom McCollum with a rebound.
2:59 of 2nd period - Backhand shot by Calvin de Haan.
2:59 of 2nd period - Stopped by Tom McCollum with a rebound.
3:01 of 2nd period - Wrist shot by Charlie Coyle.
3:01 of 2nd period - Stopped by Tom McCollum with a rebound.
3:03 of 2nd period - Slapshot by Ron Hainsey.
3:03 of 2nd period - Shot Misses the Net.
3:23 of 2nd period - Penalty to Alex Petrovic is over, Alex Petrovic is back on ice.
3:27 of 2nd period - Snap shot by Ryan Johansen.
3:27 of 2nd period - Shot Blocked by Matt Tennyson.
3:37 of 2nd period - Paul Byron is hit by Alex Petrovic and loses puck.
3:56 of 2nd period - Minor Penalty to Alexander Semin for Hooking.
3:57 of 2nd period - Daniel Paille wins face-off versus Ryan Johansen in Panthers zone.
4:22 of 2nd period - Wrist shot by Devin Setoguchi.
4:22 of 2nd period - Stopped by Kevin Poulin without a rebound.
4:23 of 2nd period - Ryan Johansen wins face-off versus Manny Malhotra in Panthers zone.
4:42 of 2nd period - Wrist shot by John Moore.
4:42 of 2nd period - Stopped by Kevin Poulin with a rebound.
4:56 of 2nd period - Wrist shot by John Moore.
4:56 of 2nd period - Deflect By Alexander Wennberg.
4:56 of 2nd period - Goal by Alexander Wennberg - Panthers : 3 - Stars : 3.
4:57 of 2nd period - Casey Cizikas wins face-off versus Charlie Coyle in neutral zone.
6:30 of 2nd period - Snap shot by Ryan Johansen.
6:30 of 2nd period - Shot Misses the Net.
6:38 of 2nd period - Snap shot by Ryan Johansen.
6:38 of 2nd period - Stopped by Tom McCollum without a rebound.
6:39 of 2nd period - Casey Cizikas wins face-off versus Brad Boyes in Stars zone.
6:39 of 2nd period - Casey Cizikas is hit by Robert Bortuzzo.
7:38 of 2nd period - Minor Penalty to Manny Malhotra for Hooking.
7:39 of 2nd period - Alexandre Burrows wins face-off versus Charlie Coyle in Stars zone.
7:39 of 2nd period - Alexandre Burrows is hit by Brad Boyes.
7:47 of 2nd period - Minor Penalty to Adam Larsson for Interference.
7:48 of 2nd period - Ryan Johansen wins face-off versus Alexandre Burrows in Panthers zone.
8:02 of 2nd period - Slapshot by John Moore.
8:02 of 2nd period - Shot Blocked by Lubomir Visnovsky.
8:04 of 2nd period - Snap shot by Mike Richards.
8:04 of 2nd period - Shot Misses the Net.
8:06 of 2nd period - Slapshot by Jamie Oleksiak.
8:06 of 2nd period - Stopped by Kevin Poulin without a rebound.
8:07 of 2nd period - Ryan Johansen wins face-off versus Alexandre Burrows in Panthers zone.
9:13 of 2nd period - Wrist shot by Erik Haula.
9:13 of 2nd period - Stopped by Kevin Poulin with a rebound.
9:15 of 2nd period - Snap shot by Alex Petrovic.
9:15 of 2nd period - Shot Blocked by Ron Hainsey.
9:17 of 2nd period - Slapshot by Matt Tennyson.
9:17 of 2nd period - Stopped by Kevin Poulin with a rebound.
9:38 of 2nd period - Penalty to Manny Malhotra is over, Manny Malhotra is back on ice.
9:41 of 2nd period - Ron Hainsey is hit by Gabriel Bourque and loses puck.
9:47 of 2nd period - Penalty to Adam Larsson is over, Adam Larsson is back on ice.
11:08 of 2nd period - Manny Malhotra is hit by Paul Byron and loses puck.
12:10 of 2nd period - Snap shot by Jakob Silfverberg.
12:10 of 2nd period - Shot Misses the Net.
12:37 of 2nd period - Backhand shot by Mike Richards.
12:37 of 2nd period - Shot Misses the Net.
12:39 of 2nd period - Slapshot by Ryan Wilson.
12:39 of 2nd period - Shot Blocked by Paul Byron.
13:17 of 2nd period - Jakob Silfverberg is hit by Devin Setoguchi.
13:57 of 2nd period - Minor Penalty to Erik Haula for Goalie Interference.
13:58 of 2nd period - Brad Boyes wins face-off versus Alexandre Burrows in Stars zone.
14:11 of 2nd period - Snap shot by Charlie Coyle.
14:11 of 2nd period - Shot Misses the Net.
14:27 of 2nd period - Daniel Paille is hit by Ron Hainsey and loses puck.
14:38 of 2nd period - Snap shot by Daniel Paille.
14:38 of 2nd period - Shot Blocked by Adam Larsson.
14:38 of 2nd period - Adam Larsson from Panthers is injured at 14:38 of 2nd period (Separated Right Shoulder).
14:39 of 2nd period - Ryan Johansen wins face-off versus Alexandre Burrows in Panthers zone.
14:41 of 2nd period - Minor Penalty to Ryan Johansen for Holding.
14:42 of 2nd period - Alexandre Burrows wins face-off versus Alexander Semin in Panthers zone.
14:44 of 2nd period - Snap shot by John Moore.
14:44 of 2nd period - Deflect By Mike Richards.
14:44 of 2nd period - Shot Misses the Net.
14:44 of 2nd period - Puck is out of play.
14:45 of 2nd period - Alexander Semin wins face-off versus Alexandre Burrows in Panthers zone.
14:58 of 2nd period - Slapshot by John Moore.
14:58 of 2nd period - Stopped by Kevin Poulin with a rebound.
15:00 of 2nd period - Wrist shot by Mike Richards.
15:00 of 2nd period - Stopped by Kevin Poulin without a rebound.
15:01 of 2nd period - Alexandre Burrows wins face-off versus Alexander Semin in Panthers zone.
15:26 of 2nd period - Wrist shot by Mike Richards.
15:26 of 2nd period - Shot Misses the Net.
15:56 of 2nd period - Wrist shot by Alex Galchenyuk.
15:56 of 2nd period - Stopped by Tom McCollum with a rebound.
15:57 of 2nd period - Penalty to Erik Haula is over, Erik Haula is back on ice.
15:58 of 2nd period - Snap shot by Kevin Hayes.
15:58 of 2nd period - Deflect By Alex Galchenyuk.
15:58 of 2nd period - Shot Blocked by Alexandre Burrows.
15:58 of 2nd period - Puck is out of play.
15:59 of 2nd period - Daniel Paille wins face-off versus Kevin Hayes in Stars zone.
16:41 of 2nd period - Penalty to Ryan Johansen is over, Ryan Johansen is back on ice.
16:51 of 2nd period - Ryan Johansen is hit by Alexandre Burrows and loses puck.
17:41 of 2nd period - Minor Penalty to Casey Cizikas for Tripping.
17:42 of 2nd period - Ryan Johansen wins face-off versus Alexandre Burrows in Stars zone.
17:56 of 2nd period - Slapshot by John Moore.
17:56 of 2nd period - Deflect By Mike Richards.
17:56 of 2nd period - Goal by Mike Richards - Panthers : 3 - Stars : 4.
17:57 of 2nd period - Alexandre Burrows wins face-off versus Charlie Coyle in neutral zone.
18:20 of 2nd period - Slapshot by John Moore.
18:20 of 2nd period - Shot Misses the Net.
18:22 of 2nd period - Snap shot by Alexandre Burrows.
18:22 of 2nd period - Shot Misses the Net.
18:24 of 2nd period - Slapshot by John Moore.
18:24 of 2nd period - Shot Misses the Net.
18:26 of 2nd period - Snap shot by Mike Richards.
18:26 of 2nd period - Shot Misses the Net.
18:32 of 2nd period - Slapshot by John Moore.
18:32 of 2nd period - Shot Blocked by Ron Hainsey.
19:01 of 2nd period - Matt Tennyson is hit by Brad Boyes and loses puck.
19:35 of 2nd period - Jamie Oleksiak is hit by Ryan Johansen and loses puck.
19:41 of 2nd period - Penalty to Casey Cizikas is over, Casey Cizikas is back on ice.
Goals for this period are 0 for Panthers vs 2 for Stars.
Shots for this period are 7 for Panthers vs 9 for Stars.

3rd period


0:01 of 3rd period - Mike Richards wins face-off versus Ryan Johansen in neutral zone.
0:30 of 3rd period - Slapshot by John Moore.
0:30 of 3rd period - Shot Misses the Net.
0:32 of 3rd period - Wrist shot by Alexander Wennberg.
0:32 of 3rd period - Stopped by Kevin Poulin with a rebound.
0:34 of 3rd period - Slapshot by Alexander Wennberg.
0:34 of 3rd period - Deflect By Alexandre Burrows.
0:34 of 3rd period - Deflect By Nino Niederreiter.
0:34 of 3rd period - Shot Hit the Post.
0:34 of 3rd period - Puck is out of play.
0:35 of 3rd period - Manny Malhotra wins face-off versus Brad Boyes in Panthers zone.
0:48 of 3rd period - Slapshot by Matt Tennyson.
0:48 of 3rd period - Stopped by Kevin Poulin with a rebound.
0:54 of 3rd period - Slapshot by Jakob Silfverberg.
0:54 of 3rd period - Shot Misses the Net.
0:59 of 3rd period - Slapshot by Jack Hillen.
0:59 of 3rd period - Stopped by Tom McCollum with a rebound.
1:01 of 3rd period - Wrist shot by Charlie Coyle.
1:01 of 3rd period - Stopped by Tom McCollum with a rebound.
2:04 of 3rd period - Wrist shot by Mike Richards.
2:04 of 3rd period - Shot Misses the Net.
2:28 of 3rd period - Wrist shot by Alex Galchenyuk.
2:28 of 3rd period - Shot Blocked by Patrik Nemeth.
3:21 of 3rd period - Manny Malhotra is hit by Charlie Coyle.
3:36 of 3rd period - Minor Penalty to Robert Bortuzzo for Interference.
3:37 of 3rd period - Ryan Johansen wins face-off versus Manny Malhotra in Panthers zone.
4:17 of 3rd period - Alexander Wennberg is hit by Ryan Johansen.
4:37 of 3rd period - Snap shot by Daniel Paille.
4:37 of 3rd period - Stopped by Kevin Poulin with a rebound.
4:56 of 3rd period - Off-side.
4:57 of 3rd period - Mike Richards wins face-off versus Nino Niederreiter in neutral zone.
5:23 of 3rd period - Slapshot by John Moore.
5:23 of 3rd period - Shot Blocked by Jack Hillen.
5:25 of 3rd period - Snap shot by Devin Setoguchi.
5:25 of 3rd period - Goal by Devin Setoguchi - Panthers : 3 - Stars : 5.
5:25 of 3rd period - Robin Lehner enters game.
5:26 of 3rd period - Casey Cizikas wins face-off versus Charlie Coyle in neutral zone.
5:47 of 3rd period - Wrist shot by Casey Cizikas.
5:47 of 3rd period - Shot Blocked by Brad Boyes.
5:49 of 3rd period - Snap shot by Matt Tennyson.
5:49 of 3rd period - Deflect By Erik Haula.
5:49 of 3rd period - Stopped by Robin Lehner without a rebound.
5:50 of 3rd period - Kevin Hayes wins face-off versus Alexandre Burrows in Panthers zone.
5:50 of 3rd period - Kevin Hayes is hit by Cory Conacher.
6:00 of 3rd period - Snap shot by Kevin Hayes.
6:00 of 3rd period - Shot Blocked by John Moore.
6:02 of 3rd period - Slapshot by Ron Hainsey.
6:02 of 3rd period - Shot Blocked by John Moore.
6:04 of 3rd period - Slapshot by Paul Byron.
6:04 of 3rd period - Shot Misses the Net.
6:06 of 3rd period - Snap shot by Kevin Hayes.
6:06 of 3rd period - Goal by Kevin Hayes - Panthers : 4 - Stars : 5.
6:07 of 3rd period - Devin Setoguchi wins face-off versus Charlie Coyle in neutral zone.
6:10 of 3rd period - Wrist shot by John Moore.
6:10 of 3rd period - Stopped by Robin Lehner with a rebound.
6:16 of 3rd period - Daniel Paille is hit by Jakob Silfverberg.
6:29 of 3rd period - Snap shot by Jakob Silfverberg.
6:29 of 3rd period - Shot Misses the Net.
6:31 of 3rd period - Snap shot by Ron Hainsey.
6:31 of 3rd period - Stopped by Tom McCollum with a rebound.
6:41 of 3rd period - Slapshot by John Moore.
6:41 of 3rd period - Shot Misses the Net.
7:04 of 3rd period - Casey Cizikas is hit by Alex Galchenyuk and loses puck.
7:19 of 3rd period - Slapshot by Nino Niederreiter.
7:19 of 3rd period - Shot Misses the Net.
7:33 of 3rd period - Paul Byron is hit by Matt Tennyson and loses puck.
7:59 of 3rd period - Minor Penalty to Alexandre Burrows for Tripping.
8:00 of 3rd period - Charlie Coyle wins face-off versus Jonathan Drouin in Stars zone.
8:05 of 3rd period - Snap shot by Jakob Silfverberg.
8:05 of 3rd period - Shot Misses the Net.
8:07 of 3rd period - Wrist shot by Ron Hainsey.
8:07 of 3rd period - Deflect By Charlie Coyle.
8:07 of 3rd period - Shot Misses the Net.
8:07 of 3rd period - Puck is out of play.
8:08 of 3rd period - Brad Boyes wins face-off versus Jonathan Drouin in Stars zone.
8:46 of 3rd period - Off-side.
8:47 of 3rd period - Casey Cizikas wins face-off versus Ryan Johansen in neutral zone.
9:11 of 3rd period - Snap shot by Ryan Johansen.
9:11 of 3rd period - Stopped by Tom McCollum with a rebound.
9:11 of 3rd period - Tom McCollum from Stars is injured at 9:11 of 3rd period (Bruised Left Arm).
9:11 of 3rd period - Joacim Eriksson enters game.
9:12 of 3rd period - Jonathan Drouin wins face-off versus Ryan Johansen in Stars zone.
9:31 of 3rd period - Snap shot by Nino Niederreiter.
9:31 of 3rd period - Shot Blocked by Mike Richards.
9:33 of 3rd period - Slapshot by Ron Hainsey.
9:33 of 3rd period - Shot Misses the Net.
9:45 of 3rd period - Slapshot by Ryan Johansen.
9:45 of 3rd period - Shot Misses the Net.
9:47 of 3rd period - Slapshot by Ryan Johansen.
9:47 of 3rd period - Goal by Ryan Johansen - Panthers : 5 - Stars : 5.
9:48 of 3rd period - Manny Malhotra wins face-off versus Charlie Coyle in neutral zone.
9:51 of 3rd period - Slapshot by Matt Tennyson.
9:51 of 3rd period - Shot Blocked by Lubomir Visnovsky.
10:07 of 3rd period - Slapshot by Jakob Silfverberg.
10:07 of 3rd period - Stopped by Joacim Eriksson without a rebound.
10:08 of 3rd period - Manny Malhotra wins face-off versus Charlie Coyle in Stars zone.
10:47 of 3rd period - Alexander Wennberg is hit by Alex Galchenyuk and loses puck.
11:01 of 3rd period - Calvin de Haan is hit by Alex Petrovic.
11:52 of 3rd period - Minor Penalty to Kevin Hayes for Holding.
11:53 of 3rd period - Ryan Johansen wins face-off versus Manny Malhotra in Panthers zone.
12:05 of 3rd period - Wrist shot by Devin Setoguchi.
12:05 of 3rd period - Shot Misses the Net.
12:46 of 3rd period - Mike Richards is hit by Robert Bortuzzo and loses puck.
12:59 of 3rd period - Ron Hainsey is hit by Alexander Wennberg and loses puck.
13:10 of 3rd period - Robert Bortuzzo is hit by Manny Malhotra and loses puck.
13:45 of 3rd period - Snap shot by Nino Niederreiter.
13:45 of 3rd period - Shot Misses the Net.
13:52 of 3rd period - Penalty to Kevin Hayes is over, Kevin Hayes is back on ice.
14:05 of 3rd period - Snap shot by Nino Niederreiter.
14:05 of 3rd period - Shot Misses the Net.
14:07 of 3rd period - Slapshot by Calvin de Haan.
14:07 of 3rd period - Stopped by Joacim Eriksson with a rebound.
14:09 of 3rd period - Slapshot by Jack Hillen.
14:09 of 3rd period - Shot Misses the Net.
14:11 of 3rd period - Slapshot by Jack Hillen.
14:11 of 3rd period - Shot Misses the Net.
14:13 of 3rd period - Slapshot by Calvin de Haan.
14:13 of 3rd period - Shot Misses the Net.
15:18 of 3rd period - Snap shot by Devin Setoguchi.
15:18 of 3rd period - Shot Misses the Net.
15:22 of 3rd period - Slapshot by Devin Setoguchi.
15:22 of 3rd period - Shot Misses the Net.
15:24 of 3rd period - Snap shot by Manny Malhotra.
15:24 of 3rd period - Shot Blocked by Kevin Hayes.
15:42 of 3rd period - Wrist shot by Erik Haula.
15:42 of 3rd period - Stopped by Robin Lehner with a rebound.
15:44 of 3rd period - Slapshot by Matt Tennyson.
15:44 of 3rd period - Stopped by Robin Lehner without a rebound.
15:45 of 3rd period - Erik Haula wins face-off versus Charlie Coyle in Panthers zone.
15:52 of 3rd period - Snap shot by Cory Conacher.
15:52 of 3rd period - Goal by Cory Conacher - Panthers : 5 - Stars : 6.
15:53 of 3rd period - Manny Malhotra wins face-off versus Jakob Silfverberg in neutral zone.
15:56 of 3rd period - Brad Boyes is hit by Alex Petrovic and loses puck.
16:03 of 3rd period - Wrist shot by Devin Setoguchi.
16:03 of 3rd period - Stopped by Robin Lehner without a rebound.
16:04 of 3rd period - Charlie Coyle wins face-off versus Manny Malhotra in Panthers zone.
16:11 of 3rd period - Slapshot by Devin Setoguchi.
16:11 of 3rd period - Shot Misses the Net.
16:13 of 3rd period - Wrist shot by Manny Malhotra.
16:13 of 3rd period - Shot Blocked by Jakob Silfverberg.
16:15 of 3rd period - Snap shot by Alex Petrovic.
16:15 of 3rd period - Shot Blocked by Jakob Silfverberg.
16:17 of 3rd period - Backhand shot by Manny Malhotra.
16:17 of 3rd period - Stopped by Robin Lehner with a rebound.
16:19 of 3rd period - Snap shot by Manny Malhotra.
16:19 of 3rd period - Shot Blocked by Robert Bortuzzo.
16:59 of 3rd period - Snap shot by Erik Haula.
16:59 of 3rd period - Stopped by Robin Lehner without a rebound.
17:00 of 3rd period - Mike Richards wins face-off versus Alex Galchenyuk in Panthers zone.
17:03 of 3rd period - Snap shot by Alexander Wennberg.
17:03 of 3rd period - Stopped by Robin Lehner with a rebound.
17:05 of 3rd period - Slapshot by Alexandre Burrows.
17:05 of 3rd period - Stopped by Robin Lehner with a rebound.
17:07 of 3rd period - Slapshot by Jamie Oleksiak.
17:07 of 3rd period - Shot Misses the Net.
17:09 of 3rd period - Wrist shot by Alexander Wennberg.
17:09 of 3rd period - Shot Blocked by Alex Galchenyuk.
17:11 of 3rd period - Snap shot by Jamie Oleksiak.
17:11 of 3rd period - Deflect By Alexander Wennberg.
17:11 of 3rd period - Stopped by Robin Lehner with a rebound.
17:13 of 3rd period - Slapshot by Jamie Oleksiak.
17:13 of 3rd period - Goal by Jamie Oleksiak - Panthers : 5 - Stars : 7.
17:14 of 3rd period - Ryan Johansen wins face-off versus Mike Richards in neutral zone.
17:21 of 3rd period - Wrist shot by Nino Niederreiter.
17:21 of 3rd period - Shot Blocked by Alexander Wennberg.
17:23 of 3rd period - Slapshot by Lubomir Visnovsky.
17:23 of 3rd period - Stopped by Joacim Eriksson without a rebound.
17:24 of 3rd period - Ryan Johansen wins face-off versus Mike Richards in Stars zone.
17:47 of 3rd period - Wrist shot by Nino Niederreiter.
17:47 of 3rd period - Goal by Nino Niederreiter - Panthers : 6 - Stars : 7.
17:48 of 3rd period - Manny Malhotra wins face-off versus Ryan Johansen in neutral zone.
18:01 of 3rd period - Slapshot by John Moore.
18:01 of 3rd period - Deflect By Devin Setoguchi.
18:01 of 3rd period - Goal by Devin Setoguchi - Panthers : 6 - Stars : 8.
18:02 of 3rd period - Ryan Johansen wins face-off versus Manny Malhotra in neutral zone.
18:09 of 3rd period - Wrist shot by Ryan Johansen.
18:09 of 3rd period - Shot Misses the Net.
18:11 of 3rd period - Backhand shot by Alex Galchenyuk.
18:11 of 3rd period - Shot Hit the Post.
18:13 of 3rd period - Wrist shot by Nino Niederreiter.
18:13 of 3rd period - Deflect By Ryan Johansen.
18:13 of 3rd period - Stopped by Joacim Eriksson with a rebound.
18:15 of 3rd period - Slapshot by Robert Bortuzzo.
18:15 of 3rd period - Shot Blocked by John Moore.
18:17 of 3rd period - Wrist shot by Nino Niederreiter.
18:17 of 3rd period - Shot Blocked by Jamie Oleksiak.
18:36 of 3rd period - Minor Penalty to Manny Malhotra for Hooking.
18:37 of 3rd period - Jakob Silfverberg wins face-off versus Alexandre Burrows in Stars zone.
18:37 of 3rd period - Wrist shot by Charlie Coyle.
18:37 of 3rd period - Stopped by Joacim Eriksson without a rebound.
18:38 of 3rd period - Charlie Coyle wins face-off versus Alexandre Burrows in Stars zone.
19:03 of 3rd period - Snap shot by Jakob Silfverberg.
19:03 of 3rd period - Shot Misses the Net.
19:05 of 3rd period - Wrist shot by Lubomir Visnovsky.
19:05 of 3rd period - Stopped by Joacim Eriksson with a rebound.
19:11 of 3rd period - Snap shot by Jakob Silfverberg.
19:11 of 3rd period - Shot Misses the Net.
19:13 of 3rd period - Backhand shot by Ron Hainsey.
19:13 of 3rd period - Shot Blocked by Jamie Oleksiak.
19:15 of 3rd period - Wrist shot by Ron Hainsey.
19:15 of 3rd period - Shot Blocked by John Moore.
19:45 of 3rd period - Casey Cizikas is hit by Ryan Johansen and loses puck.
19:50 of 3rd period - Slapshot by Nino Niederreiter.
19:50 of 3rd period - Deflect By Alex Galchenyuk.
19:50 of 3rd period - Shot Misses the Net.
19:50 of 3rd period - Puck is out of play.
19:51 of 3rd period - Ryan Johansen wins face-off versus Jonathan Drouin in Stars zone.
Goals for this period are 3 for Panthers vs 4 for Stars.
Shots for this period are 13 for Panthers vs 17 for Stars.